 Dungeon Crawl Stone Soup version 0.17-a0-1504-gb7d9117 (webtiles) character file.

3350 nubinia the Nimble (level 9, -8/44 HPs)
             Began as a Spriggan Warper on July 8, 2015.
             Was a Believer of Sif Muna.
             Mangled by a spriggan
             ... wielding a +0 dagger
              (13 damage)
             ... on level 8 of the Dungeon.
             The game lasted 01:22:02 (14723 turns).

nubinia the Nimble (Spriggan Warper)               Turns: 14723, Time: 01:22:02

Health: -8/44      AC:  2    Str:  7    XL:     9   Next: 72%
Magic:  15/20      EV: 27    Int: 17    God:    Sif Muna [**....]
Gold:   466        SH:  0    Dex: 20    Spells: 5 memorised, 10 levels left

rFire  . . .     SeeInvis +     a - +6 spear of Ydublu {pierce, Dex+2}
rCold  . . .     Clarity  .     x - +0 robe
rNeg   . . .     SustAt   .     (shield restricted)
rPois  .         Gourm    .     (helmet restricted)
rElec  .         Spirit   .     (no cloak)
rCorr  .         Warding  .     (gloves unavailable)
rMut   .         Stasis   .     (boots unavailable)
MR     +....                    K - amulet of rage
Stlth  ++++......               (no ring)
                                (no ring)

@: very quick, somewhat resistant to hostile enchantments, stealthy
A: unfitting armour, see invisible, agile 1, herbivore 3, speed 3, slow
metabolism 2, spit poison 1
a: Spit Poison, Channel Energy, Forget Spell, Renounce Religion, Evoke Berserk
Rage


You were on level 8 of the Dungeon.
You worshipped Sif Muna.
Sif Muna was pleased with you.
You were not hungry.

You visited 2 branches of the dungeon, and saw 9 of its levels.
You also visited: Sewer.

You collected 466 gold pieces.

Inventory:

Hand weapons
 a - the +6 spear of Ydublu (weapon) {pierce, Dex+2}
   (You found it on level 7 of the Dungeon)

   It inflicts extra damage upon your enemies.
   It affects your dexterity (+2).
 b - a +0 hunting sling
 G - a +1 short sword
Missiles
 e - 5 tomahawks of dispersal (quivered)
 q - 35 poisoned needles
 t - 8 tomahawks
 B - 349 stones
 C - 16 sling bullets of frost
 E - 12 exploding sling bullets
Armour
 x - a +0 robe (worn)
Jewellery
 i - an uncursed amulet of the gourmand
 K - an amulet of rage (around neck)
 L - an uncursed ring of protection from magic {unknown}
Magical devices
 w - a wand of frost (24)
 F - a wand of draining (12)
Scrolls
 d - a scroll of blinking
 l - 3 scrolls of remove curse
 m - 2 scrolls of enchant weapon
 n - a scroll of brand weapon {unknown}
 o - a scroll of fog {unknown}
 r - a scroll of vulnerability {unknown}
 y - 5 scrolls of identify
 z - a scroll of fear
 A - a scroll of enchant armour {unknown}
 D - a scroll of random uselessness
 H - a scroll of amnesia
Potions
 g - 2 potions of lignification
 h - 2 potions of flight
 j - a potion of ambrosia
 k - 4 potions of brilliance
 p - 3 potions of curing
 s - a potion of agility
 u - a potion of cancellation
 v - a potion of haste
Books
 c - a book of Spatial Translocations

   Spells                             Type                      Level
   a - Apportation                    Translocation                1
   b - Blink                          Translocation                2
   c - Shroud of Golubria             Charms/Translocation         2
   d - Portal Projectile              Translocation                3
   e - Teleport Other                 Translocation                3
   f - Passage of Golubria            Translocation                4
 I - a book of the Earth

   Spells                             Type                      Level
   a - Leda's Liquefaction            Hexes/Earth                  4
   b - Bolt of Magma                  Conjuration/Fire/Earth       5
   c - Statue Form                    Transmutation/Earth          6
   d - Iron Shot                      Conjuration/Earth            6
   e - Shatter                        Earth                        9
Comestibles
 f - 4 bread rations
 J - a slice of pizza


   Skills:
 + Level 3.1 Fighting
 + Level 4.5 Short Blades
 + Level 1.4 Polearms
 + Level 4.0(4.1) Slings
 + Level 1.2(2.6) Throwing
 + Level 10.0 Dodging
 + Level 5.9 Stealth
 * Level 6.8 Spellcasting
 * Level 8.3 Charms
 * Level 8.4 Translocations


You had 10 spell levels left.
You knew the following spells:

 Your Spells              Type           Power        Failure   Level  Hunger
a - Apportation           Tloc           ####......   1%          1    None
b - Blink                 Tloc           N/A          1%          2    None
c - Shroud of Golubria    Chrm/Tloc      ####......   1%          2    None
d - Portal Projectile     Tloc           ####..       1%          3    ##.....
e - Teleport Other        Tloc           ####....     1%          3    ##.....


Dungeon Overview and Level Annotations

Branches:
Dungeon (8/15)             Temple (1/1) D:4            Lair (0/8) D:8

Altars:
Cheibriados
Gozag
Nemelex Xobeh
Okawaru
Qazlal
Sif Muna
Yredelemnul
Zin
The Shining One

Shops:
D:6 *

Annotations:
D:2 Natasha, Terence
D:3 Ijyb
D:4 exclusion: door


Innate Abilities, Weirdness & Mutations

You are tiny and cannot use many weapons and most armour.
You have supernaturally acute eyesight.
You are a herbivore.
You cover ground extremely quickly.
You need consume almost no food.
You are agile. (Dex +2)
You can spit weak poison.


Message History

The spriggan is heavily wounded.
The spriggan barely misses you.
You closely miss the spriggan.
The spriggan is heavily wounded.
The spriggan barely misses you.
You closely miss the spriggan.
The spriggan is heavily wounded.
The spriggan hits you with a dagger.
You closely miss the spriggan.
The spriggan is heavily wounded.
The spriggan closely misses you.
You miss the spriggan.
The spriggan is heavily wounded.
The spriggan hits you with a dagger!
* * * LOW HITPOINT WARNING * * *
Your shroud falls apart!
Casting: Shroud of Golubria
Confirm with . or Enter, or press ? or * to list all spells.
You blink.
The spriggan hits you with a dagger!
You die...

#.........###
######..## ##.
##.......## ##..##
##..### ## #....##.#
###....# ###..###.
#.####.####......##
##..##. ###
##.###........# ##....
#..##.........# ##...
#.##..........# ##...
##.#...........# ##....
#.#........@...# #.....
#..........i...###
##.....
##..........ยง.....#
#......
#.#.........###'###
#......
####.##........#.....#
##......
##....###.......####.##
#....... #....##
#.......#$....#
#....... ......#
######..####.##
#....#.# ......# ####
.. ##...##.#


You could see a spriggan.

Vanquished Creatures
  3 orc warriors
  2 black bears
  A sky beast (D:8)
  3 ogres
  3 centaurs
  A crocodile (D:8)
  5 giant frogs
  2 big kobolds
  6 scorpions
  6 killer bees (D:8)
  3 wights (D:7)
  2 crimson imps (D:8)
  2 centaur skeletons
  4 hounds
  2 giant frog skeletons
  A giant frog zombie (D:5)
  2 jellies
  An orc priest (D:8)
  An iguana (D:8)
  4 orc wizards
  4 worker ants
  A hound zombie (D:7)
  7 gnolls
  8 adders
  A river rat (D:4)
  2 shadow imps
  4 oozes
  2 adder skeletons
  5 worms
  8 giant geckos
  30 orcs
  A bat zombie (D:7)
  8 giant cockroaches
  14 goblins
  12 hobgoblins
  6 jackals
  18 kobolds
  3 quokkas
  4 ball pythons
  15 bats
  A giant cockroach zombie (D:6)
  A giant gecko skeleton (D:4)
  8 giant newts
  A quokka skeleton (D:5)
  19 rats
237 creatures vanquished.

Vanquished Creatures (others)
  7 fungi (D:8)
7 creatures vanquished.

Grand Total: 244 creatures vanquished

Notes
Turn   | Place    | Note
--------------------------------------------------------------
     0 | D:1      | nubinia the Spriggan Warper began the quest for the Orb.
     0 | D:1      | Reached XP level 1. HP: 10/10 MP: 5/5
   678 | D:1      | Reached XP level 2. HP: 15/15 MP: 6/6
  1469 | D:1      | Learned a level 2 spell: Blink
  1472 | D:1      | Learned a level 2 spell: Shroud of Golubria
  2074 | D:2      | Reached skill level 5 in Translocations
  2087 | D:2      | Reached skill level 1 in Charms
  2087 | D:2      | Reached XP level 3. HP: 18/18 MP: 8/8
  2116 | D:2      | Noticed Terence
  2728 | D:2      | Noticed Natasha
  2767 | D:2      | Found a stormy altar of Qazlal.
  2769 | D:2      | Noticed a fire elemental
  2769 | D:2      | Noticed a water elemental
  2770 | D:2      | Noticed an earth elemental
  2770 | D:2      | Noticed an air elemental
  3025 | D:2      | Found an opulent altar of Gozag.
  3028 | D:2      | Found a glowing golden altar of the Shining One.
  3181 | D:2      | Learned a level 3 spell: Portal Projectile
  3239 | D:3      | Reached XP level 4. HP: 16/23 MP: 9/9
  3338 | D:3      | Noticed Ijyb
  3338 | D:3      | Paralysed by Ijyb for 7 turns
  4405 | D:3      | Reached skill level 1 in Stealth
  4574 | D:3      | Found a sparkling altar of Nemelex Xobeh.
  4828 | D:3      | Reached skill level 5 in Dodging
  4898 | D:4      | Found a staircase to the Ecumenical Temple.
  5312 | D:4      | Found a glowing drain.
  5327 | Sewer    | Entered a sewer
  5624 | Sewer    | Noticed a big kobold
  5638 | Sewer    | Reached XP level 5. HP: 26/26 MP: 8/10
  5712 | Sewer    | Killed a big kobold
  5934 | Sewer    | Found a white marble altar of Elyvilon.
  6174 | D:4      | Reached skill level 6 in Dodging
  6333 | D:5      | Entered Level 5 of the Dungeon
  6453 | D:4      | Reached XP level 6. HP: 18/30 MP: 8/12
  6481 | D:4      | Learned a level 3 spell: Teleport Other
  7018 | D:5      | Gained mutation: You can spit weak poison. [potion of beneficial mutation]
  7841 | D:4      | Noticed a hill giant
  8325 | D:4      | Found a basalt altar of Yredelemnul.
  9332 | D:5      | Reached skill level 5 in Charms
  9332 | D:5      | Reached XP level 7. HP: 28/35 MP: 11/13
  9341 | D:5      | Reached skill level 7 in Dodging
 10432 | Temple   | Entered the Ecumenical Temple
 10470 | Temple   | Became a worshipper of Sif Muna the Loreminder
 10585 | D:6      | Gained mutation: You are agile. (Dex +2) [potion of beneficial mutation]
 10858 | D:6      | Noticed a troll
 11006 | D:6      | Found a glowing silver altar of Zin.
 11007 | D:6      | Found Zin's Purification Station.
 11067 | D:6      | Reached skill level 8 in Dodging
 11067 | D:6      | Reached XP level 8. HP: 39/39 MP: 15/15
 11555 | D:7      | Reached skill level 1 in Slings
 11761 | D:7      | Got a jewelled spear
 11762 | D:7      | Identified the +6 spear of Ydublu {pierce, Dex+2} (You found it on level 7 of the Dungeon)
 11821 | D:7      | Reached skill level 5 in Spellcasting
 11876 | D:7      | Reached skill level 5 in Stealth
 12050 | D:7      | Acquired Sif Muna's first power
 12528 | D:7      | Reached skill level 9 in Dodging
 12708 | D:8      | Found a snail-covered altar of Cheibriados.
 12748 | D:8      | Reached XP level 9. HP: 43/43 MP: 18/18
 13292 | D:8      | Reached skill level 1 in Polearms
 13605 | D:8      | Acquired Sif Muna's second power
 14401 | D:8      | Reached skill level 10 in Dodging
 14493 | D:8      | Found a staircase to the Lair.
 14723 | D:8      | Mangled by a spriggan

Vault maps used:
D:1:      eino_arrival_water_star, minivault_24, roderic_lattice_a
D:2:      minitemple, nicolae_qazlal_style_of_elements, uniq_natasha,
          uniq_terence
D:3:      nemelex_spade_bored_becter, uniq_iyjb
D:4:      kennysheep_mini_moat, first_bread, portal_sewer_entry_e
D:5:      moated_statue
D:6:      zin_purify, serial_glass, glass_columns_b, glass_columns_b
D:8:      dpeg_oklobed_lair, basic_altar, minivault_22, grunt_pizzeria,
          serial_park_tiny_1, nrook_uturn
Temple:   chambers_temple_14
Sewer:    sewer_kobolds

Action                   |  1- 3 |  4- 6 |  7- 9 || total
-------------------------+-------+-------+-------++-------
Melee: Short sword       |   171 |   510 |   171 ||   852
       Spear             |       |       |   335 ||   335
 Fire: Hunting sling     |       |       |    70 ||    70
 Cast: Shroud of Golubri |     4 |    50 |    47 ||   101
       Blink             |       |     3 |     1 ||     4
       Teleport Other    |       |     2 |     4 ||     6
 Abil: Spit Poison       |       |     2 |     6 ||     8
  Use: Scroll            |     2 |    12 |     1 ||    15
       Potion            |       |     5 |     1 ||     6
 Stab: Sleeping          |     5 |     8 |    16 ||    29
  Eat: Pizza             |       |     2 |       ||     2
       Bread ration      |       |     2 |     1 ||     3
